AoeStats
← Licrovan

Arabia

510151974Analyzed
3v3 RM · 3d ago on Sep 29, 2026· 52m 32s· 6 players
Game mode
Random Map
Map size
Normal (6 player)
Population
200
Speed
Normal
Resources
Standard
Victory
Conquest
Starting age
Dark Age
Ending age
Imperial Age
RankedLock teamsTeams togetherTeam positionsShared explorationLock speedFull tech treeHidden civsTurbo modeCheats
Victory
Defeat
🇮🇹 Bulgarians · Italy
827
+16
🇹🇷 Tatars · Türkiye
813
+17
🇳🇱 Ethiopians · Netherlands
768
+19
🇳🇱 Maya · Netherlands
1004
-24
🇳🇱 Portuguese · Netherlands
741
-26
🇳🇱 Vietnamese · Netherlands
741
-26
Alaz
9:50 Feudal Age
12:47 Horse Collar
14:13 Double-Bit Axe
19:38 Castle Age
17:42 Fletching
17:52 Padded Archer Armor
18:16 Padded Archer Armor
20:36 Elite Skirmisher
21:37 Bow Saw
21:29 Heavy Plow
25:12 Stone Mining
25:12 Gold Mining
27:12 Wheelbarrow
26:23 Town Watch
27:34 Ballistics
28:34 Bodkin Arrow
28:54 Leather Archer Armor
30:53 Leather Archer Armor
34:26 Hand Cart
34:11 Town Patrol
34:36 Husbandry
34:48 Bloodlines
38:20 Gold Shaft Mining
39:12 Silk Armor
43:13 Imperial Age
43:20 Heavy Cavalry Archer
44:16 Timurid Siegecraft
44:49 Conscription
45:31 Chemistry
44:38 Siege Engineers
44:38 Bracer
45:08 Ring Archer Armor
45:32 Crop Rotation
47:52 Forging
47:47 Scale Barding Armor
48:47 Elite Keshik
50:46 Iron Casting
50:31 Chain Barding Armor
53:29 Blast Furnace
53:04 Plate Barding Armor
jelmermourik
11:48 Feudal Age
12:29 Horse Collar
12:36 Double-Bit Axe
21:48 Castle Age
21:10 Fletching
23:34 Gold Mining
24:07 Bodkin Arrow
24:13 Padded Archer Armor
23:39 Crossbowman
24:28 Thumb Ring
25:47 Bow Saw
25:42 Heavy Plow
28:17 Town Watch
29:11 Wheelbarrow
30:28 Hand Cart
34:59 Leather Archer Armor
34:56 Forging
34:47 Scale Mail Armor
34:58 Squires
41:01 Imperial Age
39:07 Ballistics
40:25 Chain Mail Armor
40:46 Iron Casting
45:59 Chemistry
44:25 Halberdier
44:28 Arbalester
Wallace2987
0:29 Loom
12:30 Feudal Age
13:36 Double-Bit Axe
22:54 Fletching
26:42 Castle Age
25:51 Stone Mining
25:47 Horse Collar
26:01 Gold Mining
29:37 Stone Shaft Mining
32:54 Heavy Plow
37:31 Wheelbarrow
37:33 Bow Saw
40:13 Gold Shaft Mining
39:44 Bodkin Arrow
40:16 Scale Barding Armor
40:22 Forging
41:16 Husbandry
41:27 Bloodlines
42:10 Hand Cart
45:57 Imperial Age
43:28 Gambesons
44:17 Padded Archer Armor
44:52 Iron Casting
44:16 Murder Holes
46:19 Caravan
46:33 Squires
47:49 Chain Barding Armor
47:54 Stirrups
49:11 Crop Rotation
49:04 Conscription
51:37 Ballistics
50:39 Elite Konnik
52:10 Plate Barding Armor
53:21 Blast Furnace
52:21 Scale Mail Armor
Licrovan
8:36 Loom
10:51 Feudal Age
13:26 Wheelbarrow
14:40 Double-Bit Axe
24:31 Castle Age
27:01 Bow Saw
26:43 Pikeman
28:21 Elite Skirmisher
38:25 Light Cavalry
39:18 Bloodlines
39:08 Husbandry
Ancrypto
8:35 Loom
10:27 Feudal Age
14:53 Wheelbarrow
23:03 Castle Age
22:04 Fletching
22:26 Padded Archer Armor
29:32 Elite Skirmisher
30:37 Bodkin Arrow
31:05 Leather Archer Armor
42:06 Imperial Age
43:26 Onager
ZeChaos
4:44 Loom
4:48 Loom
6:55 Loom
9:09 Feudal Age
15:04 Fletching
15:36 Scale Mail Armor
18:33 Wheelbarrow
23:57 Castle Age
22:39 Padded Archer Armor
24:16 Crossbowman
25:01 Thumb Ring
25:01 Gold Mining
24:34 Elite Skirmisher
25:53 Bodkin Arrow
26:14 Leather Archer Armor
27:47 Ballistics
28:41 Double-Bit Axe
29:38 Bow Saw
33:32 Hand Cart
43:58 Imperial Age
41:20 Town Watch
44:50 Bracer
45:22 Ring Archer Armor
45:55 Chemistry
44:22 Imperial Skirmisher
44:24 Arbalester
45:38 Conscription
46:46 Imperial Skirmisher
Connection lost

Rejoining the realm…

Still unreachable

The connection could not be restored.

Session expired

The server has moved on; the page needs a fresh start.